 Dungeon Crawl Stone Soup version 0.28-a0-586-gbdb9d174a4 (webtiles) character file.

Game seed: 9359361531942674786

453667 NoKap the Severer (level 22, -1/182 HPs)
             Began as a Demonspawn Gladiator on Oct 2, 2021.
             Was an Initiate of Gozag.
             Slain by a vault warden (9 damage)
             ... on level 5 of the Vaults on Oct 3, 2021.
             The game lasted 03:53:16 (43968 turns).

NoKap the Severer (Demonspawn Gladiator)           Turns: 43968, Time: 03:53:17

Health: -1/182     AC: 36    Str: 22    XL:     22   Next: 94%
Magic:  0/25       EV: 16    Int: 17    God:    Gozag
Gold:   3364       SH:  5    Dex: 22    Spells: 31/38 levels left

rFire   + . .      SeeInvis .   q - +8 battleaxe of Eluij {freeze, rC+ Dex+4}
rCold   + + +      Faith    .   (shield currently unavailable)
rNeg    + . .      Spirit   +   R - +6 plate armour of the Poles {rElec rPois Str+6 Int-5}
rPois   +          Reflect  +   V - +0 hat of Kindness {Regen+ Int+7 Dex-4}
rElec   +          Harm     .   F - +0 cloak of Lataori {rC+++ Str-5 Int+3}
rCorr   +          Rampage  .   n - +1 pair of gloves of Boredom {rElec rN+ MP-9}
Will    +....                   (boots unavailable)
Stlth   ..........              T - amulet of Eseghics {Reflect rCorr Dex+4 SH+5}
HPRegen 1.40/turn               L - +4 ring of protection
MPRegen 0.38/turn               m - +4 ring of slaying

@: marked, gold aura
A: hooves 3, molten scales 3, magic shield, magic regeneration, magic link,
demonic magic 2, claws 1, agile 1, screaming 1
}: 3/15 runes: decaying, serpentine, slimy
a: Renounce Religion, Potion Petition, Call Merchant, Bribe Branch


You were on level 5 of the Vaults.
You worshipped Gozag.
Gozag was most pleased with you.
You visited 8 branches of the dungeon, and saw 43 of its levels.
You visited the Abyss 1 time.

You collected 22704 gold pieces.
You spent 14151 gold pieces at shops.
You paid 5189 gold pieces to Gozag.

Inventory:

Hand Weapons
 e - a +5 broad axe of flaming
 q - the +8 battleaxe of Eluij (weapon) {freeze, rC+ Dex+4}
   (You bought it in a shop on level 9 of the Dungeon)

   It freezes those it strikes, dealing additional cold damage.
   It can also slow down cold-blooded creatures.
   Dex:       It affects your dexterity (+4).
   rC:        It protects you from cold.
Missiles
 c - 12 silver javelins
 d - 6 throwing nets
 t - 23 boomerangs (quivered)
Armour
 n - the +1 pair of gloves of Boredom (worn) {rElec rN+ MP-9}
   (You acquired it on level 5 of the Pits of Slime)

   rElec:     It insulates you from electricity.
   rN:        It protects you from negative energy.
   MP:        It affects your magic capacity (-9).
 F - the +0 cloak of Lataori (worn) {rC+++ Str-5 Int+3}
   (You bought it in a shop on level 5 of the Pits of Slime)

   Str:       It affects your strength (-5).
   Int:       It affects your intelligence (+3).
   rC:        It renders you almost immune to cold.
 R - the +6 plate armour of the Poles (worn) {rElec rPois Str+6 Int-5}
   (You bought it in a shop on level 9 of the Dungeon)

   Str:       It affects your strength (+6).
   Int:       It affects your intelligence (-5).
   rElec:     It insulates you from electricity.
   rPois:     It protects you from poison.
 V - the +0 hat of Kindness (worn) {Regen+ Int+7 Dex-4}
   (You bought it in a shop on level 2 of the Vaults)

   Int:       It affects your intelligence (+7).
   Dex:       It affects your dexterity (-4).
   Regen:     It increases your rate of health regeneration.
Jewellery
 m - a +4 ring of slaying (right hand)
 B - a ring of see invisible
 J - a ring of positive energy
 K - a ring of flight
 L - a +4 ring of protection (left hand)
 T - the amulet of Eseghics (around neck) {Reflect rCorr Dex+4 SH+5}
   (You bought it in a shop on level 2 of the Elven Halls)

   [amulet of reflection]

   It reflects blocked missile attacks.
   Dex:       It affects your dexterity (+4).
   rCorr:     It protects you from acid and corrosion.
   SH:        It affects your SH (+5).
Wands
 j - a wand of charming (23)
 p - a wand of flame (79)
 C - a wand of polymorph (15)
 D - a wand of digging (10)
 H - a wand of acid (36)
 N - a wand of paralysis (27)
 O - a wand of iceblast (43)
 U - a wand of mindburst (14)
Scrolls
 g - 8 scrolls of teleportation
 i - 3 scrolls of brand weapon
 l - 5 scrolls of fog
 o - 6 scrolls of enchant armour
 r - 22 scrolls of identify
 v - 6 scrolls of magic mapping
 z - 6 scrolls of blinking
 M - a scroll of summoning
 P - a scroll of amnesia
 S - 5 scrolls of fear
Potions
 a - 5 potions of invisibility
 b - 2 potions of brilliance
 f - 16 potions of heal wounds
 h - 11 potions of might
 k - 10 potions of flight
 s - a potion of magic
 u - 8 potions of ambrosia
 x - 2 potions of berserk rage
 A - 25 potions of curing
 G - 8 potions of haste
 I - 6 potions of cancellation
 Z - 3 potions of resistance


   Skills:
 + Level 17.6 Fighting
 + Level 20.8(21.9) Axes
 - Level 12.2(17.9) Polearms
 - Level 8.0 Throwing
 * Level 16.8 Armour
 + Level 15.2 Dodging
 - Level 4.0 Shields
 + Level 8.8 Spellcasting
 - Level 6.0 Translocations
 + Level 8.4 Transmutations
 - Level 4.0 Earth Magic


You had 31 spell levels left.
You knew the following spells:

 Your Spells              Type           Power      Damage    Failure   Level
a - Blink                 Tloc           N/A        N/A       10%         2
b - Apportation           Tloc           54%        N/A       7%          1
c - Passwall              Tmut/Erth      23%        N/A       9%          2
z - Wereblood             Tmut           36%        N/A       3%          2

Your spell library contained the following spells:

 Spells                   Type           Power      Damage    Failure   Level
 Sting                    Tmut/Pois      84%        1d7       14%         1
 Gell's Gravitas          Tloc           13%        N/A       21%         3
 Teleport Other           Tloc           27%        N/A       21%         3
 Portal Projectile        Hex/Tloc       34%        N/A       56%         3
 Ignite Poison            Fire/Tmut/Pois 17%        N/A       58%         3
 Pain                     Necr           28%        1d5       61%         1
 Shock                    Conj/Air       28%        1d4       61%         1
 Summon Small Mammal      Summ           28%        N/A       61%         1
 Stone Arrow              Conj/Erth      28%        3d8       71%         3
 Corpse Rot               Necr/Air       N/A        N/A       75%         2
 Ensorcelled Hibernation  Hex/Ice        14%        N/A       75%         2
 Poisonous Vapours        Pois/Air       14%        N/A       75%         2
 Static Discharge         Conj/Air       7%         N/A       75%         2
 Sublimation of Blood     Necr           3%         N/A       75%         2
 Ice Form                 Ice/Tmut       21%        N/A       80%         4
 Manifold Assault         Tloc           27%        N/A       88%         5
 Iskenderun's Mystic Bla  Conj/Tloc      17%        2d5       92%         4
 Call Canine Familiar     Summ           7%         N/A       93%         3
 Conjure Flame            Conj/Fire      7%         6-21      93%         3
 Dazzling Flash           Conj/Hex       14%        N/A       93%         3
 Frozen Ramparts          Ice            14%        1d3       93%         3
 Mephitic Cloud           Conj/Pois/Air  7%         N/A       93%         3
 Summon Guardian Golem    Hex/Summ       7%         N/A       93%         3
 Swiftness                Air            7%         N/A       93%         3
 Tukima's Dance           Hex            7%         N/A       93%         3
 Animate Armour           Summ/Erth      28%        N/A       98%         4
 Leda's Liquefaction      Hex/Erth       7%         N/A       98%         4
 Alistair's Intoxication  Tmut/Pois      14%        N/A       98%         5
 Lee's Rapid Deconstruct  Erth           10%        3d9*      99%         5
 Summon Forest            Summ/Tloc      8%         N/A       99%         5
 Airstrike                Air            3%         N/A       100%        4
 Animate Dead             Necr           3%         N/A       100%        4
 Cause Fear               Hex            3%         N/A       100%        4
 Dispel Undead            Necr           7%         3d8       100%        4
 Olgreb's Toxic Radiance  Pois           7%         N/A       100%        4
 Sticky Flame             Conj/Fire      7%         2d3       100%        4
 Summon Ice Beast         Ice/Summ       7%         N/A       100%        4
 Summon Lightning Spire   Summ/Air       7%         N/A       100%        4
 Agony                    Necr           7%         N/A       100%        5
 Borgnjor's Vile Clutch   Necr/Erth      7%         N/A       100%        5
 Excruciating Wounds      Necr           3%         N/A       100%        5
 Fireball                 Conj/Fire      3%         3d4       100%        5
 Freezing Cloud           Conj/Ice/Air   3%         6-21      100%        5
 Lightning Bolt           Conj/Air       3%         1d15      100%        5
 Metabolic Englaciation   Hex/Ice        3%         N/A       100%        5
 Silence                  Hex/Air        3%         N/A       100%        5
 Summon Mana Viper        Hex/Summ       7%         N/A       100%        5
 Death Channel            Necr           3%         N/A       100%        6
 Dispersal                Tloc           13%        N/A       100%        6
 Invisibility             Hex            3%         N/A       100%        6
 Statue Form              Tmut/Erth      18%        N/A       100%        6
 Summon Cactus Giant      Summ           3%         N/A       100%        6
 Dragon Form              Tmut           18%        N/A       100%        7
 Haunt                    Necr/Summ      3%         N/A       100%        7
 Malign Gateway           Summ/Tloc      8%         N/A       100%        7
 Monstrous Menagerie      Summ           3%         N/A       100%        7
 Orb of Destruction       Conj           3%         9d1       100%        7
 Spellforged Servitor     Conj/Summ      3%         N/A       100%        7
 Storm Form               Tmut/Air       10%        N/A       100%        7
 Summon Hydra             Summ           3%         N/A       100%        7
 Ignition                 Fire           3%         3d4       100%        8
 Infestation              Necr           3%         N/A       100%        8
 Lehudib's Crystal Spear  Conj/Erth      7%         10d3      100%        8
 Summon Horrible Things   Summ           3%         N/A       100%        8
 Chain Lightning          Conj/Air       3%         3d4       100%        9
 Death's Door             Necr           3%         N/A       100%        9
 Dragon's Call            Summ           3%         N/A       100%        9
 Fire Storm               Conj/Fire      3%         8d1       100%        9
 Shatter                  Erth           10%        3d12*     100%        9


Dungeon Overview and Level Annotations

Branches:
Dungeon (15/15)            Temple (0/1) D:4            Lair (6/6) D:9
  Swamp (4/4) Lair:3        Snake (4/4) Lair:2        Slime (5/5) Lair:5
    Orc (2/2) D:10            Elf (2/3) Orc:2        Vaults (5/5) D:13
  Crypt (0/3) Vaults:3     Depths (0/4) D:15

Altars:
Fedhas
Gozag
Hepliaklqana
Nemelex Xobeh
Qazlal
Sif Muna
Trog
Uskayaw
Vehumet
Wu Jian
Yredelemnul
Beogh
Jiyva
Lugonu

Shops:
D:4 *   D:8 *   D:9 **[:[(   Orc:2 !**!   Elf:1 !   Elf:2 [=   Slime:5 [!
Vaults:2 *([   Vaults:4 !(*!

Portals:
Abyss: Lair:6


Innate Abilities, Weirdness & Mutations

You have hooves in place of feet.
You are completely covered in molten scales. (AC +4, rF+)
When hurt, damage is shared between your health and your magic reserves.
You regenerate magic rapidly.
When low on magic, you restore magic in place of health.
Spells you cast may paralyse nearby enemies.
You have sharp fingernails.
You are agile. (Dex +2)
You occasionally shout uncontrollably at your foes.


Message History

You turn to flesh and can move again.
You closely miss something. Your kick misses something.
Something touches you but does no damage.
You block the vault warden's attack.
You barely miss something. You kick something.
Something touches you but does no damage.
You slash something! You kick something. The vault warden closely misses you.
Something touches you but does no damage.
A tyrant leech comes into view.
You hit something but do no damage. You kick something.
Something barely misses you.
The vault warden hits you from afar with a +2 halberd of freezing!
* * * LOW HITPOINT WARNING * * *
You slash something! You kick something. Something barely misses you.
You barely miss something. Your kick misses something.
You block something's attack.
The vault warden hits you but does no damage.
You slice something like a ripe choko!!!
You freeze something. You kick something.
Your plate armour of the Poles prevents you from hitting the vault warden.
Something touches you but does no damage.
The vault warden hits you but does no damage. x2
You carve something like a ham!!!
Reactivating autopickup.
You feel a bit more experienced.
You hit the vault warden. You freeze the vault warden.
The vault warden hits you with the +6 long sword "Spider's Curse" {speed, Will+}!
* * * LOW HITPOINT WARNING * * *
The vault warden hits you from afar with a +2 halberd of freezing!
* * * LOW HITPOINT WARNING * * *
Your life force feels restored.
You feel much better.
The tyrant leech changes into a glowing shapeshifter!
The vault warden hits you with the +6 long sword "Spider's Curse" {speed, Will+}!!
* * * LOW HITPOINT WARNING * * *
The vault warden hits you with the +6 long sword "Spider's Curse" {speed, Will+}!!
* * * LOW HITPOINT WARNING * * *
The vault warden hits you from afar with a +2 halberd of freezing!
You die...
Your body crumbles into a pile of gold.

##. .....#
.)...###..#..
..p...#......
#.#.#.#.....
.....(.....
....c?... #
#.#.#p#..###..#
......Dp.+....#
.......@.#......
########## ##...
.


You could see a shadow dragon, 2 vault wardens, a yaktaur captain and a glowing
shapeshifter.

Vanquished Creatures
  Dissolution (Slime:5)
  the Royal Jelly (Slime:5)
  2 ancient liches (Vaults:5)
  Bai Suzhen (Swamp:3)
  the Lernaean hydra (Swamp:4)
  A golden dragon (Vaults:5)
  Rupert (Lair:4)
  Jorgrun (Swamp:1)
  2 tentacled monstrosities
  Mlioglotl (Swamp:4)
  2 titans (Vaults:5)
  11 acid blobs
  A deep elf blademaster (Elf:2)
  2 tentacled starspawn
  Kirke (D:12)
  A sphinx (D:13)
  6 storm dragons
  4 tengu reavers
  A thorn hunter (Abyss:3)
  The ghost of dricus the Slayer, an adept GrFi of the Shining One (Swamp:4)
  13 rockslimes
  A shadow dragon (Vaults:5)
  A fenstrider witch (Swamp:3)
  Roxanne (Snake:3)
  10 azure jellies
  3 fire giants
  A deep elf sorcerer (Elf:1)
  Donald (Swamp:1)
  A frost giant (Vaults:5)
  An iron dragon (Vaults:5)
  7 nagarajas
  2 orc warlords
  18 vault wardens
  Aizul (Snake:4)
  Louise (Swamp:4)
  19 quicksilver oozes
  2 war gargoyles
  21 ironbound preservers
  6 very ugly things
  A vampire knight (Vaults:3)
  A deep elf demonologist (Vaults:5)
  3 stone giants
  3 entropy weavers
  6 bunyips
  A deep elf annihilator (Vaults:5)
  22 dire elephants
  The ghost of Isinocoe the Covert, a journeyman VSEn of Zin (Lair:5)
  A blizzard demon (Abyss:2)
  A spark wasp (shapeshifter) (Vaults:5)
  2 deep elf death magi
  3 eleionomae
  2 ettins (D:13)
  Josephine (Lair:6)
  2 deep elf high priests
  An ettin (shapeshifter) (Vaults:5)
  2 crystal guardians
  A fire dragon (D:13)
  7 great orbs of eyes
  8 yaktaur captains
  The ghost of Essalna the Zephyrmancer, a journeyman TeAE of Vehumet (Lair:3)
  6 boulder beetles
  3 salamander tyrants
  A spriggan air mage (Swamp:2)
  A rakshasa (D:13)
  3 peacekeepers
  18 naga warriors
  26 hydras
  8 ironbound thunderhulks
  3 catoblepae
  2 ogre magi
  35 vault guards
  A ghost crab (Swamp:4)
  11 ironbound frosthearts
  6 anacondas
  15 centaur warriors
  A hell hog (Abyss:3)
  5 alligators
  A tengu warrior (D:13)
  A deep troll earth mage (D:13)
  6 two-headed ogres
  The ghost of flestrin the Destroyer, a journeyman OpCj of Vehumet (D:11)
  2 death yaks
  Urug (D:12)
  9 shock serpents
  4 orc high priests (Orc:2)
  A spriggan berserker (Swamp:4)
  3 thrashing horrors (Lair:6)
  7 naga sharpshooters
  5 large abominations
  15 deep elf knights
  7 salamander mystics
  5 skeletal warriors
  A wretched star (Abyss:3)
  2 goliath frogs
  A death drake (shapeshifter) (Vaults:4)
  12 bog bodies
  10 starcursed masses
  A deep troll (shapeshifter) (Vaults:5)
  4 spriggan druids
  4 phantasmal warriors
  2 lindwurms (Vaults:4)
  54 deep trolls
  Pikel (D:7)
  9 swamp dragons
  4 glowing orange brains
  A necromancer (D:15)
  7 deep elf archers
  11 naga ritualists
  20 deep elf pyromancers
  12 ironbound convokers
  4 harpies
  A wolf spider zombie (D:11)
  A fire giant zombie (D:15)
  16 wizards
  11 deep elf zephyrmancers
  7 orc knights
  12 mana vipers
  6 shining eyes
  A wolf spider (Lair:5)
  43 ugly things
  4 manticores
  A moth of wrath (Swamp:4)
  14 salamanders
  10 cyclopes
  8 orc sorcerers
  7 elephants (Lair:6)
  2 will-o-the-wisps
  3 eyes of devastation
  An apocalypse crab (Abyss:3)
  36 black mambas
  A guardian serpent (Snake:4)
  3 gargoyles
  A black mamba (shapeshifter) (Vaults:5)
  A cane toad (shapeshifter) (Lair:6)
  A torpor snail (Lair:4)
  13 vault sentinels
  12 cane toads
  3 smoke demons
  16 naga magi
  6 kobold demonologists
  A rime drake (Lair:5)
  2 unseen horrors
  2 efreet
  8 komodo dragons
  2 spriggan skeletons (D:15)
  20 yaktaurs
  A tengu conjurer (D:13)
  3 freezing wraiths
  A komodo dragon (shapeshifter) (D:13)
  3 ancient zymes
  A guardian mummy (D:15)
  10 trolls
  3 polar bears (Lair:2)
  A queen bee (Lair:1)
  7 tyrant leeches
  A jumping spider (shapeshifter) (Vaults:4)
  8 hornets
  124 slime creatures
  28 blink frogs
  7 dream sheep (Lair:6)
  An ettin zombie (D:15)
  A dream sheep (shapeshifter) (Vaults:5)
  3 saltlings (Elf:1)
  2 air elementals
  2 tarantellas (Vaults:2)
  2 centaur simulacra (D:13)
  5 redbacks
  2 spriggans (shapeshifter)
  13 spriggans
  3 vampires (Vaults:3)
  5 wyverns
  3 hogs (D:12)
  A human (shapeshifter) (Lair:6)
  A water elemental (Elf:2)
  79 yaks
  A fire elemental (Elf:1)
  16 humans
  6 wraiths
  4 ynoxinuls
  5 basilisks (Lair:6)
  A neqoxec (Abyss:3)
  A yak (shapeshifter) (D:14)
  A steam dragon (Lair:4)
  11 golden eyes
  3 chaos spawn
  6 vampire mosquitoes
  2 wargs (Orc:2)
  20 swamp worms
  42 nagas
  A swamp worm (shapeshifter) (D:13)
  An acid dragon (D:13)
  12 water moccasins
  Duvessa (D:5)
  12 small abominations
  Purgy (D:3)
  8 swamp drakes
  An ice beast (D:7)
  44 orc warriors
  2 sky beasts (D:5)
  3 black bears
  7 boggarts
  14 ogres
  11 wolves
  A phantom (D:3)
  18 centaurs
  4 lemures (D:7)
  13 kobold brigands
  16 bullfrogs
  A gnoll sergeant (D:7)
  2 wyvern zombies
  Dowan (D:5)
  3 scorpions
  A hornet simulacrum (D:13)
  40 killer bees
  4 electric eels
  4 wights (D:8)
  8 howler monkeys
  2 lava snakes (D:9)
  A bullfrog zombie (D:7)
  9 centaur zombies
  A quasit (Abyss:2)
  A hound (D:6)
  40 orc priests
  A centaur skeleton (D:5)
  2 gnoll shamans
  A bullfrog skeleton (D:5)
  3 iguanas
  Natasha (twice) (D:3)
  31 orc wizards
  A killer bee zombie (D:8)
  A howler monkey zombie (D:9)
  Robin (D:3)
  10 gnolls
  9 adders
  2 white imps (D:5)
  An ufetubus (D:7)
  A worm (D:4)
  2 dart slugs
  118 orcs
  7 ball pythons
  7 bats
  9 endoplasms
  3 giant cockroaches
  16 goblins
  7 hobgoblins
  7 jackals
  25 kobolds
  4 quokkas
  5 rats
  6 briar patches (Abyss:3)
  A lurking horror (Abyss:2)
  A starspawn tentacle (Abyss:2)
1883 creatures vanquished.

Vanquished Creatures (others)
  2 centaur warriors (D:13)
  17 dancing weapons
  A deep elf knight (Elf:1)
  3 deep elf zephyrmancers (Elf:1)
  A warg (shapeshifter) (Vaults:5)
  A boggart (Vaults:1)
  A briar patch (Abyss:3)
  14 foxfires
  38 fungi
  A lurking horror (Abyss:3)
  54 plants
  3 starspawn tentacles
136 creatures vanquished.

Grand Total: 2019 creatures vanquished

Notes
Turn   | Place    | Note
-------+----------+-------------------------------------------
     0 | D:1      | NoKap the Demonspawn Gladiator began the quest for the Orb.
     0 | D:1      | Reached XP level 1. HP: 16/16 MP: 1/1
   148 | D:1      | Reached skill level 3 in Axes
   362 | D:1      | Gained mutation: You are partially covered in molten
                  | scales. (AC +2) [demonic ancestry]
   362 | D:1      | Reached XP level 2. HP: 22/22 MP: 2/2
   398 | D:1      | Found a faded altar of an unknown god.
   408 | D:1      | Became a worshipper of Gozag Ym Sagoz the Greedy
   720 | D:2      | Gained mutation: You are mostly covered in molten scales.
                  | (AC +3) [demonic ancestry]
   720 | D:2      | Reached XP level 3. HP: 26/28 MP: 3/3
  1040 | D:2      | Reached skill level 1 in Armour
  1101 | D:2      | Gained mutation: Spells you cast may paralyse adjacent
                  | enemies. [demonic ancestry]
  1101 | D:2      | Reached XP level 4. HP: 27/35 MP: 4/4
  1510 | D:3      | Noticed Robin
  1781 | D:3      | Killed Robin
  1782 | D:3      | Reached XP level 5. HP: 12/42 MP: 5/5
  2018 | D:3      | Noticed Purgy
  2035 | D:3      | Killed Purgy
  2036 | D:3      | Noticed Natasha
  2046 | D:3      | Killed Natasha
  2141 | D:3      | Noticed Natasha
  2149 | D:3      | Killed Natasha
  2150 | D:3      | Gained mutation: You regenerate magic rapidly. [demonic
                  | ancestry]
  2150 | D:3      | Reached XP level 6. HP: 42/49 MP: 6/6
  2244 | D:3      | Reached skill level 5 in Fighting
  2290 | D:4      | Found a staircase to the Ecumenical Temple.
  2309 | D:4      | Gained mutation: When hurt, damage is shared between your
                  | health and your magic reserves. [demonic ancestry]
  2309 | D:4      | Reached XP level 7. HP: 50/56 MP: 7/7
  2432 | D:4      | Found Hevvim's General Store.
  2477 | D:4      | Bought a scroll of identify for 24 gold pieces
  2477 | D:4      | Bought a potion of flight for 36 gold pieces
  2477 | D:4      | Bought a scroll of teleportation for 36 gold pieces
  2477 | D:4      | Bought a potion of brilliance for 48 gold pieces
  2509 | D:4      | Found a transporter.
  2606 | D:4      | Found a transporter.
  3170 | D:5      | Entered Level 5 of the Dungeon
  3170 | D:5      | Found a radiant altar of Vehumet.
  3315 | D:5      | Found a stormy altar of Qazlal.
  3318 | D:5      | Found a basalt altar of Yredelemnul.
  3323 | D:5      | Found a hazy altar of Hepliaklqana.
  3390 | D:5      | Gained mutation: You have large cloven feet. [demonic
                  | ancestry]
  3390 | D:5      | Reached XP level 8. HP: 65/65 MP: 8/8
  3413 | D:5      | Reached skill level 5 in Dodging
  3585 | D:5      | Noticed Duvessa
  3585 | D:5      | Noticed Dowan
  3598 | D:5      | Killed Duvessa
  3606 | D:5      | Killed Dowan
  3754 | D:5      | Found an ornate altar of the Wu Jian Council.
  4365 | D:6      | Reached skill level 5 in Armour
  4467 | D:7      | Gained mutation: You have hoof-like feet. [demonic
                  | ancestry]
  4467 | D:7      | Reached XP level 9. HP: 63/75 MP: 7/9
  5257 | D:8      | Noticed Pikel
  5339 | D:7      | Killed Pikel
  5382 | D:7      | Reached skill level 10 in Fighting
  5430 | D:8      | Found Kuop Vej's General Store.
  5453 | D:8      | Bought the +6 demon trident "Ubeps" {drain, Will+} for 904
                  | gold pieces
  5561 | D:8      | Reached skill level 1 in Polearms
  5810 | D:8      | Gained mutation: Spells you cast may paralyse nearby
                  | enemies. [demonic ancestry]
  5810 | D:8      | Reached XP level 10. HP: 84/85 MP: 10/10
  5958 | D:9      | Found Bupeg's Assorted Antiques.
  5958 | D:9      | Found Leutusooko's Armour Shop.
  6319 | D:9      | Bought a worn gold wand for 108 gold pieces
  6319 | D:9      | Bought a scroll labelled YCAUBL UFAPAF for 27 gold pieces
  6319 | D:9      | Bought a runed chain mail for 202 gold pieces
  6337 | D:9      | Found Kiwopif's General Store.
  6378 | D:9      | Found Myxkaph's Book Boutique.
  6397 | D:9      | Found Koeptoxze's Antique Armour Shop.
  6402 | D:9      | Bought a fabulously ornate robe for 153 gold pieces
  6402 | D:9      | Identified the +0 robe of Pandemonium {rF+ Slay+3} (You
                  | bought it in a shop on level 9 of the Dungeon)
  6413 | D:9      | Noticed a red ugly thing
  6627 | D:9      | Killed a red ugly thing
  6698 | D:9      | Found a staircase to the Lair.
  7012 | D:9      | Reached skill level 5 in Polearms
  7042 | D:9      | Noticed a red ugly thing
  7048 | D:9      | Killed a red ugly thing
  7261 | D:10     | Entered Level 10 of the Dungeon
  7261 | D:10     | Noticed a centaur warrior
  7394 | D:9      | Killed a centaur warrior
  7395 | D:9      | Reached XP level 11. HP: 77/93 MP: 9/11
  7563 | D:10     | Found a staircase to the Orcish Mines.
  7671 | D:10     | Got the Tome of Evil Rites
  7688 | D:10     | Reached skill level 1 in Shields
  7755 | D:10     | Found a sparkling altar of Nemelex Xobeh.
  8047 | Lair:1   | Entered Level 1 of the Lair of Beasts
  8234 | D:9      | Bought a scroll of acquirement for 624 gold pieces
  8234 | D:9      | Acquired a +1 pair of gloves of dexterity
  8490 | Lair:1   | Identified the +0 pair of gloves of Cowardice {Will+}
  9205 | Lair:2   | Found a staircase to the Snake Pit.
  9213 | Lair:2   | Reached skill level 1 in Spellcasting
  9281 | Lair:2   | Reached XP level 12. HP: 101/101 MP: 13/13
  9322 | Lair:2   | Identified the +4 ring mail of Too Many Cooks {Harm rF- rC+
                  | Will+}
  9605 | Lair:2   | Noticed a four-headed hydra
  9611 | Lair:2   | Killed a four-headed hydra
  9897 | Lair:2   | You fall into a shaft and drop 2 floors!
 10318 | D:9      | Bought a warped plate armour for 756 gold pieces
 10318 | D:9      | Identified the +6 plate armour of the Poles {rElec rPois
                  | Str+6 Int-5} (You bought it in a shop on level 9 of the
                  | Dungeon)
 10649 | Lair:3   | Noticed Essalna's ghost (journeyman TeAE)
 10649 | Lair:3   | Found a runed translucent door.
 11378 | Lair:3   | Noticed a six-headed hydra
 11381 | Lair:3   | Noticed a seven-headed hydra
 11385 | Lair:3   | Killed a six-headed hydra
 11397 | Lair:3   | Killed a seven-headed hydra
 11398 | Lair:3   | Gained mutation: You are completely covered in molten
                  | scales. (AC +4, rF+) [demonic ancestry]
 11398 | Lair:3   | Reached XP level 13. HP: 107/109 MP: 17/17
 11410 | Lair:3   | Found a staircase to the Swamp.
 11564 | Lair:3   | Killed Essalna's ghost
 11928 | Lair:5   | Noticed Rupert
 12049 | Lair:4   | Paralysed by Rupert for 4 turns
 12070 | Lair:4   | Killed Rupert
 12071 | Lair:4   | Reached skill level 10 in Polearms
 12078 | Lair:4   | Identified the +12 dagger "Vugrumeg" {vorpal, Str+3}
 12163 | Lair:4   | Reached skill level 10 in Dodging
 12256 | Lair:5   | Identified the +8 arbalest of Gloom {freeze, rElec rCorr
                  | Int+3}
 12481 | Lair:5   | Noticed Isinocoe's ghost (journeyman VSEn)
 12487 | Lair:5   | Found a transporter.
 12499 | Lair:5   | Found a transporter.
 12640 | Lair:5   | Found a viscous altar of Jiyva.
 12640 | Lair:5   | Found a staircase to the Slime Pits.
 12943 | Lair:6   | Entered Level 6 of the Lair of Beasts
 13366 | Lair:6   | Reached skill level 10 in Armour
 13562 | Lair:6   | Reached XP level 14. HP: 118/118 MP: 18/18
 13795 | Lair:6   | Got Huzuo's Papyrus of Stones
 14118 | Lair:6   | Found a corrupted altar of Lugonu.
 14118 | Lair:6   | Found a one-way gate to the infinite horrors of the Abyss.
 14297 | Lair:6   | Identified the +7 quarterstaff of Bile {holy, rC+ rN+
                  | Dex-3}
 14297 | Lair:6   | Noticed Josephine
 14319 | Lair:6   | Killed Josephine
 14596 | Lair:6   | Reached skill level 5 in Throwing
 14847 | Lair:5   | Killed Isinocoe's ghost
 15000 | D:9      | Bought an ichor-stained battleaxe for 241 gold pieces
 15000 | D:9      | Identified the +8 battleaxe of Eluij {freeze, rC+ Dex+4}
                  | (You bought it in a shop on level 9 of the Dungeon)
 15066 | D:11     | Found a transporter.
 15066 | D:11     | Noticed flestrin's ghost (journeyman OpCj)
 15071 | D:11     | Found a transporter.
 15355 | D:11     | Reached skill level 4 in Axes
 15409 | D:11     | Reached skill level 5 in Axes
 15453 | D:11     | Reached skill level 6 in Axes
 15640 | D:11     | Reached skill level 7 in Axes
 15746 | D:11     | Reached XP level 15. HP: 125/125 MP: 19/19
 15777 | D:11     | Reached skill level 8 in Axes
 16119 | D:11     | Found a hide-covered altar of Uskayaw.
 16390 | D:11     | Killed flestrin's ghost
 16522 | D:12     | Identified the +1 whip of Gozag's Felicitations {speed,
                  | Dex+3}
 16642 | D:12     | Noticed Urug
 16652 | D:12     | Killed Urug
 16653 | D:12     | Reached skill level 9 in Axes
 16724 | D:12     | Noticed Kirke
 16845 | D:12     | Killed Kirke
 17456 | Orc:1    | Entered Level 1 of the Orcish Mines
 17531 | Orc:2    | Entered Level 2 of the Orcish Mines
 17696 | Orc:1    | Reached skill level 10 in Axes
 17962 | Orc:1    | You fall into a shaft and drop 1 floor!
 18318 | Orc:2    | Found a staircase to the Elven Halls.
 18550 | Orc:2    | Paralysed by an orc sorcerer for 7 turns
 18579 | Orc:2    | Paralysed by an orc sorcerer for 3 turns
 18685 | Orc:2    | Found Xong's Distillery.
 18698 | Orc:2    | Reached skill level 11 in Axes
 18703 | Orc:2    | Bought a potion of mutation for 96 gold pieces
 18703 | Orc:2    | Bought a potion of curing for 36 gold pieces
 18703 | Orc:2    | Bought a potion of cancellation for 96 gold pieces
 18703 | Orc:2    | Bought 2 potions of heal wounds for 120 gold pieces
 18703 | Orc:2    | Bought a potion of haste for 120 gold pieces
 18703 | Orc:2    | Bought a potion of curing for 36 gold pieces
 18703 | Orc:2    | Bought a potion of heal wounds for 60 gold pieces
 18703 | Orc:2    | Bought a potion of resistance for 120 gold pieces
 18711 | Orc:2    | Found Teqof's Assorted Antiques.
 18727 | Orc:2    | Bought a wand of flame (15) for 37 gold pieces
 18727 | Orc:2    | Bought a scroll of teleportation for 111 gold pieces
 18727 | Orc:2    | Bought a potion of heal wounds for 185 gold pieces
 18999 | Orc:2    | Noticed an orc warlord
 19026 | Orc:2    | Killed an orc warlord
 19117 | Orc:2    | Found Roecoula's Distillery.
 19142 | Orc:2    | Bought a potion of might for 60 gold pieces
 19142 | Orc:2    | Bought a potion of invisibility for 120 gold pieces
 19142 | Orc:2    | Bought a potion of haste for 150 gold pieces
 19142 | Orc:2    | Bought a potion of berserk rage for 75 gold pieces
 19142 | Orc:2    | Bought a potion of invisibility for 120 gold pieces
 19142 | Orc:2    | Bought a potion of curing for 45 gold pieces
 19248 | Orc:2    | Found Yplem's Assorted Antiques.
 19277 | Orc:2    | Bought a potion of might for 112 gold pieces
 19277 | Orc:2    | Bought a scroll of magic mapping for 98 gold pieces
 19277 | Orc:2    | Bought a scroll of enchant weapon for 210 gold pieces
 19851 | D:13     | Found a gate to the Vaults.
 19861 | D:12     | Reached skill level 12 in Axes
 20094 | D:13     | Reached skill level 13 in Axes
 20144 | D:13     | Reached XP level 16. HP: 132/132 MP: 20/20
 20156 | D:13     | Identified the +8 war axe of Joyful Slaughter {vorpal,
                  | rCorr Dex+3 Stlth+}
 20188 | D:13     | Noticed a sphinx
 20188 | D:13     | Noticed a storm dragon
 20207 | D:13     | Killed a sphinx
 20219 | D:13     | Killed a storm dragon
 20440 | D:13     | Noticed a tengu reaver
 20444 | D:13     | Killed a tengu reaver
 20450 | D:13     | Reached skill level 14 in Axes
 20472 | D:13     | Got the Incunabulum of Blistering Bewitchment
 21007 | D:14     | Found a blossoming altar of Fedhas.
 21119 | D:13     | Identified the +8 chain mail of Wasted Space {rPois Str+6}
 21731 | D:15     | Entered Level 15 of the Dungeon
 21778 | D:15     | Found a staircase to the Depths.
 21988 | D:15     | Reached skill level 15 in Axes
 22683 | D:15     | Upgraded the game from 0.28-a0-578-g717728bcc0 to
                  | 0.28-a0-586-gbdb9d174a4
 22917 | Swamp:1  | Entered Level 1 of the Swamp
 23152 | Swamp:1  | Noticed Donald
 23167 | Swamp:1  | Killed Donald
 23168 | Swamp:1  | Reached skill level 16 in Axes
 23210 | Swamp:1  | Noticed Jorgrun
 23219 | Swamp:1  | Killed Jorgrun
 24157 | Swamp:3  | Reached XP level 17. HP: 115/138 MP: 18/21
 24296 | Swamp:3  | Noticed Bai Suzhen
 24321 | Swamp:3  | Killed Bai Suzhen
 24322 | Swamp:3  | Reached skill level 17 in Axes
 24806 | Swamp:4  | Entered Level 4 of the Swamp
 24882 | Swamp:4  | Identified the +4 plate armour "Tinuw" {rC+ Dex+2}
 24910 | Swamp:4  | Noticed dricus's ghost (adept GrFi)
 24911 | Swamp:4  | Found a bloodstained altar of Trog.
 24911 | Swamp:4  | Identified the +1 leather armour of the Guild-Master {rF-
                  | rC++}
 24916 | Swamp:4  | Found a transporter.
 24925 | Swamp:4  | Found a transporter.
 25028 | Swamp:4  | Identified the +1 cloak of Yredelemnul's Whim {Will- MP+9
                  | Dex+2}
 25033 | Swamp:4  | Killed dricus's ghost
 25118 | Swamp:4  | Noticed Mlioglotl
 25121 | Swamp:4  | Noticed Louise
 25133 | Swamp:4  | Killed Mlioglotl
 25327 | Swamp:4  | Killed Louise
 25419 | Swamp:4  | Reached skill level 18 in Axes
 25541 | Swamp:4  | Noticed the 27-headed Lernaean hydra
 25548 | Swamp:4  | Killed the 23-headed Lernaean hydra
 25557 | Swamp:4  | Got a decaying rune of Zot
 26043 | Snake:1  | Entered Level 1 of the Snake Pit
 27057 | Snake:2  | Reached XP level 18. HP: 96/147 MP: 19/22
 27643 | Snake:2  | Identified the +1 scale mail of Xom's Brutal Revenge {Harm
                  | rN+ Int+3}
 28007 | Snake:3  | Noticed Roxanne
 28091 | Snake:3  | Killed Roxanne
 28709 | Snake:4  | Entered Level 4 of the Snake Pit
 28805 | Snake:4  | Noticed Aizul
 28819 | Snake:4  | Killed Aizul
 29062 | Snake:4  | Reached skill level 19 in Axes
 29435 | Snake:4  | Reached skill level 15 in Fighting
 30116 | Snake:4  | Got a serpentine rune of Zot
 30574 | Vaults:1 | Entered Level 1 of the Vaults
 30618 | Vaults:1 | Learned a level 2 spell: Blink
 30620 | Vaults:1 | Learned a level 1 spell: Apportation
 30623 | Vaults:1 | Learned a level 2 spell: Passwall
 30658 | Vaults:1 | Gained mutation: You have hooves in place of feet. [demonic
                  | ancestry]
 30658 | Vaults:1 | Reached XP level 19. HP: 119/155 MP: 19/23
 30892 | Vaults:1 | Reached skill level 1 in Translocations
 30892 | Vaults:1 | Reached skill level 1 in Transmutations
 30892 | Vaults:1 | Reached skill level 1 in Earth Magic
 31485 | Vaults:1 | Identified the +0 chain mail "Utriaps" {rF+ Regen+ Int+3}
 31859 | Vaults:1 | Learned a level 2 spell: Wereblood
 31975 | Vaults:2 | Cast into level 2 of the Abyss (a wizard)
 32193 | Abyss:3  | Found a corrupted altar of Lugonu.
 32478 | Vaults:2 | Escaped the Abyss
 33143 | Vaults:2 | Reached XP level 20. HP: 150/164 MP: 25/27
 33197 | Vaults:2 | Found Sarudute's Assorted Antiques.
 33201 | Vaults:2 | Bought a scroll of blinking for 247 gold pieces
 33201 | Vaults:2 | Bought a potion of might for 132 gold pieces
 33212 | Vaults:2 | Bought a smoking helmet for 418 gold pieces
 33212 | Vaults:2 | Identified the +0 helmet of the Farmer {Str+7} (You bought
                  | it in a shop on level 2 of the Vaults)
 33212 | Vaults:2 | Bought a steaming chain mail for 418 gold pieces
 33212 | Vaults:2 | Identified the +1 chain mail of the Nightingale {Fly Str+6
                  | Int+4} (You bought it in a shop on level 2 of the Vaults)
 33212 | Vaults:2 | Bought a blackened chain mail for 418 gold pieces
 33212 | Vaults:2 | Identified the +0 chain mail of Toit {rC+ Regen+ Str+4}
                  | (You bought it in a shop on level 2 of the Vaults)
 33212 | Vaults:2 | Bought a slimy hat for 396 gold pieces
 33212 | Vaults:2 | Identified the +0 hat of Kindness {Regen+ Int+7 Dex-4} (You
                  | bought it in a shop on level 2 of the Vaults)
 33212 | Vaults:2 | Bought a brightly glowing chain mail for 418 gold pieces
 33212 | Vaults:2 | Identified the +2 chain mail of Shadows and Fog {rF+} (You
                  | bought it in a shop on level 2 of the Vaults)
 33212 | Vaults:2 | Bought a steaming chain mail for 418 gold pieces
 33212 | Vaults:2 | Identified the +0 chain mail "Tiluklol" {rElec rN+++ Int-3
                  | Stlth-} (You bought it in a shop on level 2 of the Vaults)
 33445 | Vaults:2 | Reached skill level 5 in Spellcasting
 34067 | Vaults:3 | Got Mesusch's Collected Works on Flamy Dislocation
 34088 | Vaults:3 | Identified the +5 trident of the Stork {protect, rElec
                  | rCorr Int+2}
 34612 | Vaults:3 | Found a staircase to the Crypt.
 34621 | Vaults:3 | Paralysed by a vampire knight for 3 turns
 35499 | Vaults:4 | Found Ocuti's Distillery.
 35559 | Vaults:4 | Bought a potion of heal wounds for 80 gold pieces
 35559 | Vaults:4 | Bought a potion of curing for 48 gold pieces
 35559 | Vaults:4 | Bought a potion of might for 64 gold pieces
 35559 | Vaults:4 | Bought a potion of curing for 48 gold pieces
 35559 | Vaults:4 | Bought a potion of flight for 48 gold pieces
 35559 | Vaults:4 | Bought a potion of heal wounds for 80 gold pieces
 35646 | Vaults:4 | Reached skill level 5 in Translocations
 35798 | Vaults:4 | Reached skill level 20 in Axes
 35802 | Vaults:4 | Reached skill level 5 in Transmutations
 35969 | Vaults:4 | Found Tationye's Assorted Antiques.
 36010 | Vaults:4 | Bought a potion of flight for 114 gold pieces
 36010 | Vaults:4 | Bought a scroll of blinking for 285 gold pieces
 36010 | Vaults:4 | Bought a polished leather armour for 266 gold pieces
 36010 | Vaults:4 | Identified the +1 leather armour of the Kangaroo {Rampage
                  | rPois Str+5 Stlth-} (You bought it in a shop on level 4 of
                  | the Vaults)
 36010 | Vaults:4 | Bought a scroll of enchant armour for 285 gold pieces
 36130 | Vaults:4 | Reached XP level 21. HP: 91/172 MP: 16/30
 36171 | Vaults:4 | Found Qutsew's Distillery.
 36206 | Vaults:4 | Bought a potion of might for 84 gold pieces
 36206 | Vaults:4 | Bought 2 potions of curing for 126 gold pieces
 36206 | Vaults:4 | Bought a potion of heal wounds for 105 gold pieces
 36206 | Vaults:4 | Bought a potion of heal wounds for 105 gold pieces
 36206 | Vaults:4 | Bought a potion of might for 84 gold pieces
 36206 | Vaults:4 | Bought a potion of curing for 63 gold pieces
 36207 | Vaults:4 | Found Ackem's Weapon Shop.
 36971 | Elf:1    | Entered Level 1 of the Elven Halls
 36996 | Elf:1    | Found Ymmorob's Distillery.
 37003 | Elf:1    | Bought 2 potions of curing for 84 gold pieces
 37003 | Elf:1    | Bought a potion of heal wounds for 70 gold pieces
 37003 | Elf:1    | Bought 3 potions of might for 168 gold pieces
 37003 | Elf:1    | Bought a potion of curing for 42 gold pieces
 37003 | Elf:1    | Bought a potion of curing for 42 gold pieces
 37003 | Elf:1    | Bought a potion of might for 56 gold pieces
 37003 | Elf:1    | Bought a potion of might for 56 gold pieces
 37003 | Elf:1    | Bought a potion of curing for 42 gold pieces
 37151 | Elf:1    | You fall into a shaft and drop 1 floor!
 37412 | Elf:2    | Found a runed translucent gate.
 37431 | Elf:2    | Found a runed translucent gate.
 37432 | Elf:2    | Found a runed translucent gate.
 37476 | Elf:2    | Found Ytemorhid's Armour Shop.
 38008 | Elf:1    | Found a shimmering blue altar of Sif Muna.
 38015 | Elf:1    | Identified the +16 plate armour of Conscience {-Tele Will++
                  | Str+4}
 38073 | Elf:1    | Paralysed by an air elemental for 1 turns
 38193 | Elf:1    | Reached skill level 15 in Armour
 38938 | Elf:2    | Bought the amulet of Eseghics {Reflect rCorr Dex+4 SH+5}
                  | for 714 gold pieces
 39289 | Slime:1  | Entered Level 1 of the Pits of Slime
 39317 | Slime:1  | Gained mutation: Your body sometimes deteriorates upon
                  | taking damage. [a shining eye]
 40090 | Slime:2  | Gained mutation: Your body often deteriorates upon taking
                  | damage. [a shining eye]
 40366 | D:15     | Lost mutation: Your body often deteriorates upon taking
                  | damage. [potion of mutation]
 40366 | D:15     | Gained mutation: Your flesh is heat resistant. (rF+)
                  | [potion of mutation]
 40366 | D:15     | Gained mutation: Your body often deteriorates upon taking
                  | damage. [potion of mutation]
 40366 | D:15     | Gained mutation: Your muscles are strong. (Str +2) [potion
                  | of mutation]
 40367 | D:15     | Lost mutation: Your body often deteriorates upon taking
                  | damage. [potion of mutation]
 40367 | D:15     | Lost mutation: Your flesh is heat resistant. (rF+) [potion
                  | of mutation]
 40367 | D:15     | Gained mutation: Your flesh is heat resistant. (rF+)
                  | [potion of mutation]
 40367 | D:15     | Lost mutation: Your muscles are strong. (Str +2) [potion of
                  | mutation]
 40367 | D:15     | Lost mutation: Your body sometimes deteriorates upon taking
                  | damage. [potion of mutation]
 41163 | Slime:3  | Gained mutation: Your spells are a little easier to cast,
                  | but a little less powerful. [a shining eye]
 41167 | Slime:3  | Paralysed by a great orb of eyes for 3 turns
 41170 | Slime:3  | Gained mutation: Armour fits poorly on your strangely
                  | shaped body. [a shining eye]
 41172 | Slime:3  | Gained mutation: Your body sometimes deteriorates upon
                  | taking damage. [a shining eye]
 41623 | Slime:4  | Gained mutation: When low on magic, you restore magic in
                  | place of health. [demonic ancestry]
 41623 | Slime:4  | Reached XP level 22. HP: 156/180 MP: 26/33
 41710 | Slime:4  | Lost mutation: Your flesh is heat resistant. (rF+) [potion
                  | of mutation]
 41710 | Slime:4  | Lost mutation: Your body sometimes deteriorates upon taking
                  | damage. [potion of mutation]
 41710 | Slime:4  | Gained mutation: You occasionally shout uncontrollably at
                  | your foes. [potion of mutation]
 41710 | Slime:4  | Gained mutation: Potions are less effective at restoring
                  | your health. [potion of mutation]
 41710 | Slime:4  | Gained mutation: You have sharp fingernails. [potion of
                  | mutation]
 41711 | Slime:4  | Lost mutation: Your spells are a little easier to cast, but
                  | a little less powerful. [potion of mutation]
 41711 | Slime:4  | Lost mutation: You occasionally shout uncontrollably at
                  | your foes. [potion of mutation]
 41967 | Slime:5  | Entered Level 5 of the Pits of Slime
 42074 | Slime:5  | Noticed Dissolution
 42076 | Slime:5  | Gained mutation: You have hidden genetic defects. [a
                  | shining eye]
 42078 | Slime:5  | Gained mutation: Your body sometimes deteriorates upon
                  | taking damage. [a shining eye]
 42078 | Slime:5  | Paralysed by a floating eye for 4 turns
 42093 | Slime:5  | Killed Dissolution
 42181 | Slime:5  | Gained mutation: You are weak. (Str -2) [a shining eye]
 42206 | Slime:5  | Gained mutation: Potions cannot restore your health. [a
                  | shining eye]
 42208 | Slime:5  | Gained mutation: You are clumsy. (Dex -2) [a shining eye]
 42226 | Slime:5  | Noticed the Royal Jelly
 42235 | Slime:5  | Killed the Royal Jelly
 42451 | Slime:5  | Gained mutation: You occasionally shout uncontrollably at
                  | your foes. [a shining eye]
 42681 | Slime:5  | Found the +0 mask of the Dragon {Will+ Slay+3 SInv}
 42682 | Slime:5  | Found the +7 great mace "Firestarter" {inner flame, rF++}
 42695 | Slime:5  | Identified the +9 morningstar of the Apocalypse {flame,
                  | rElec rC++ Str-2 SInv}
 42704 | Slime:5  | Identified the amulet "Tiwar" {Spirit Drain rC+ MP+9}
 42785 | Slime:5  | Got a slimy rune of Zot
 42805 | Slime:5  | Acquired the +1 pair of gloves of Boredom {rElec rN+ MP-9}
 42832 | Slime:5  | Identified the +1 hunting sling "Diepnicsu" {vorpal, Will-
                  | Dex+10}
 42858 | Slime:5  | Bought a heavily runed leather armour for 266 gold pieces
 42858 | Slime:5  | Identified the +0 leather armour of Summertime {rF+} (You
                  | bought it in a shop on level 5 of the Pits of Slime)
 42858 | Slime:5  | Bought an ichor-stained cloak for 361 gold pieces
 42858 | Slime:5  | Identified the +0 cloak of Lataori {rC+++ Str-5 Int+3} (You
                  | bought it in a shop on level 5 of the Pits of Slime)
 42858 | Slime:5  | Bought a smoking ring mail for 342 gold pieces
 42858 | Slime:5  | Identified the +4 ring mail of Kleptomania {Str+6 Int+3
                  | Stlth-} (You bought it in a shop on level 5 of the Pits of
                  | Slime)
 42858 | Slime:5  | Bought a brightly glowing scale mail for 342 gold pieces
 42858 | Slime:5  | Identified the +5 scale mail of Dishonesty {+Blink Int+2
                  | Stlth+} (You bought it in a shop on level 5 of the Pits of
                  | Slime)
 42858 | Slime:5  | Bought a bloodstained robe for 216 gold pieces
 42858 | Slime:5  | Identified the +1 robe of Peek-a-Boo {Dex+3} (You bought it
                  | in a shop on level 5 of the Pits of Slime)
 42858 | Slime:5  | Bought an ancient leather armour for 266 gold pieces
 42858 | Slime:5  | Identified the +2 leather armour "Pimirale" {Stlth+} (You
                  | bought it in a shop on level 5 of the Pits of Slime)
 42858 | Slime:5  | Bought a runed buckler for 285 gold pieces
 42858 | Slime:5  | Bought a runed buckler for 285 gold pieces
 42896 | Slime:5  | Bought a potion of mutation for 184 gold pieces
 42896 | Slime:5  | Bought a potion of mutation for 184 gold pieces
 42896 | Slime:5  | Bought a potion of haste for 230 gold pieces
 42896 | Slime:5  | Lost mutation: You occasionally shout uncontrollably at
                  | your foes. [potion of mutation]
 42896 | Slime:5  | Lost mutation: You are weak. (Str -2) [potion of mutation]
 42896 | Slime:5  | Lost mutation: Potions cannot restore your health. [potion
                  | of mutation]
 42896 | Slime:5  | Lost mutation: You are clumsy. (Dex -2) [potion of
                  | mutation]
 42896 | Slime:5  | Lost mutation: You have hidden genetic defects. [potion of
                  | mutation]
 42896 | Slime:5  | Lost mutation: Your body sometimes deteriorates upon taking
                  | damage. [potion of mutation]
 42897 | Slime:5  | Lost mutation: Armour fits poorly on your strangely shaped
                  | body. [potion of mutation]
 42897 | Slime:5  | Lost mutation: Potions are less effective at restoring your
                  | health. [potion of mutation]
 42897 | Slime:5  | Gained mutation: You occasionally shout uncontrollably at
                  | your foes. [potion of mutation]
 42897 | Slime:5  | Gained mutation: You are agile. (Dex +2) [potion of
                  | mutation]
 43315 | Vaults:5 | Entered Level 5 of the Vaults
 43361 | Vaults:5 | Reached skill level 15 in Dodging
 43569 | Vaults:5 | Noticed a golden dragon
 43570 | Vaults:5 | Noticed an ancient lich
 43584 | Vaults:5 | Killed a golden dragon
 43602 | Vaults:5 | Killed an ancient lich
 43903 | Vaults:5 | Noticed an ancient lich
 43917 | Vaults:5 | Identified the +6 long sword "Spider's Curse" {speed,
                  | Will+}
 43967 | Vaults:5 | Killed an ancient lich
 43968 | Vaults:5 | HP: 8/182 [vault warden (23)]
 43968 | Vaults:5 | Slain by a vault warden

Illustrated notes

Levels and vault maps discovered:
D:1:      minmay_arrival_four_loops, layout_basic,
          hellmonk_ecumenical_altar_arch_garden
D:2:      layout_basic
D:3:      layout_rooms, uniq_purgy, uniq_robin, uniq_natasha
D:4:      gammafunk_steamed_eel, layout_basic, minmay_temple_entry_tees,
          serial_shops, nicolae_shop_trees
D:5:      layout_loops_ring, mainiacjoe_overflow_concentric_impassable,
          nzn_wu_jian_contemplation, grunt_temple_overflow_diamond, uniq_duvessa
D:6:      layout_rooms
D:7:      layout_basic, minmay_a_box_with_orc_wizards_in_it
D:8:      layout_basic, serial_shops, shop, uniq_pikel
D:9:      minmay_clustersquares, layout_basic, grunt_lair_entry_orc_guard_hut,
          serial_shops, nicolae_inconvenience_store, shop,
          nicolae_stop_n_shop_1, shop, nicolae_stop_n_shop_1,
          small_chamber_with_monster, minmay_misc_feat_tiny
D:10:     layout_rooms, nemelex_spade_bored_becter, erik_orc_2
D:11:     minmay_the_grid_square_5x5_5x5 [minmay_the_grid_square_5x5_inner_z,
          minmay_the_grid_square_5x5_inner_i,
          minmay_the_grid_square_5x5_inverted_slash,
          minmay_the_grid_square_5x5_tetrominoes, minmay_the_grid_square_5x5_v,
          minmay_the_grid_square_5x5_three_walls,
          minmay_the_grid_square_5x5_prize_rear_guard,
          minmay_the_grid_square_5x5_almost_minimal,
          minmay_the_grid_square_5x5_prize_waves,
          minmay_the_grid_square_5x5_moneybag, minmay_the_grid_square_5x5_empty,
          minmay_the_grid_square_5x5_hollow_slash,
          minmay_the_grid_square_5x5_prize_gold,
          minmay_the_grid_square_5x5_inner_v,
          minmay_the_grid_square_5x5_minimal,
          minmay_the_grid_square_5x5_intrusive_squares,
          minmay_the_grid_square_5x5_prize_pseudospiral,
          minmay_the_grid_square_5x5_shrine2,
          minmay_the_grid_square_5x5_prize_itemx,
          minmay_the_grid_square_5x5_hourglass,
          minmay_the_grid_square_5x5_spiral_small,
          minmay_the_grid_square_5x5_checkered_sparse,
          minmay_the_grid_square_5x5_two, minmay_the_grid_square_5x5_comb,
          minmay_the_grid_square_5x5_six_small], layout_grid_maze,
          gammafunk_ghost_mausoleum, amcnicky_mini_corridor_feature,
          dancing_weapons_uskayaw
D:12:     layout_basic, uniq_urug, uniq_kirke
D:13:     minmay_tearing_corner, layout_rooms, david_vaults_3, minivault_5
D:14:     layout_stronghold, fedhas_altar_2, solitary_fountain
D:15:     gammafunk_depths_entry_grave, layout_irregular_city
Lair:1:   layout_loops_ring, special_room [special_room_bee]
Lair:2:   layout_regular_city, minmay_snake_entry_guardpost_small,
          serial_rivers, chequers_serial_rivers_marsh,
          chequers_serial_rivers_micro_d, chequers_serial_rivers_small_b,
          chequers_serial_rivers_room_a, chequers_serial_rivers_micro_c,
          chequers_serial_rivers_marsh, grunt_forest_stairs_basic
Lair:3:   layout_regular_city, palyth_hydra_swamp_entry,
          hellmonk_ghost_happy_afterlife
Lair:4:   layout_cave_shapes, infiniplex_staircase_pool
Lair:5:   layout_misc_corridors, slime_altar_1, gammafunk_ghost_arena,
          serial_bayou_shore_a, uniq_rupert
Lair:6:   hellmonk_lair_end_abyssal_woods, layout_loops_ring,
          chequers_serial_rivers_room_b, uniq_josephine
Swamp:1:  layout_falls_marsh, nicolae_swamp_feature_on_the_river_bank,
          statue_in_the_mist_lemuel, uniq_donald, uniq_jorgrun
Swamp:2:  layout_basic_swamp, evilmike_swamp_ruin_house_6
Swamp:3:  layout_basic_swamp, evilmike_swamp_ruin_wall, swamp_pool2,
          uniq_bai_suzhen
Swamp:4:  grunt_swamp_rune_castle, layout_basic_swamp,
          gammafunk_ghost_wrathful_warriors, swamp_pool1, uniq_louise,
          uniq_mlioglotl
Snake:1:  layout_honeycomb
Snake:2:  nicolae_snake_hallway, layout_honeycomb, st_stairs_10
Snake:3:  cheibrodos_snake_ritualist_ritual, layout_honeycomb, drop_trap,
          grunt_megastairs_3, uniq_roxanne
Snake:4:  snake_pit, layout_chambers, grunt_megastairs_2, uniq_aizul
Slime:1:  layout_caves
Slime:2:  layout_caves
Slime:3:  layout_caves
Slime:4:  layout_caves
Slime:5:  uniq_dissolution
Orc:1:    layout_diamond_mine, basic_altar
Orc:2:    pubby_orc_utopia
Elf:1:    layout_loops_ring, basic_altar, serial_shops, nicolae_shop_stone,
          portal_desolation_entry_nicolae_nacl, hangedman_elf_disciples,
          minmay_crystal_room
Elf:2:    elven_hall_of_blades_hangedman_original
          [nicolae_blade_entry_floor_patterns], layout_gridlike,
          nicolae_stop_n_shop_1, nicolae_twisting_strands
Vaults:1: hangedman_vaults_locks, vaults_room_grunt_arrival_ludios,
          ontoclasm_vaults_fault, nicolae_vaults_border_crossing, v_misc_16,
          nicolae_vaults_specimen_jars, v_misc_18, hangedman_vaults_cutoff,
          layout_vaults_omnigrid
Vaults:2: ontoclasm_vaults_ligature, v_misc_24, nicolae_vaults_theta,
          nicolae_vaults_disjoint_gnomons, st_cells, vaults_dpeg_hooks,
          v_misc_16, v_misc_33, v_rooms_2, v_alt_pattern_2,
          hangedman_vaults_hat, vaults_mumra_hex, layout_vaults_maze,
          serial_shops, nicolae_shop_stone
Vaults:3: v_rooms_1, nicolae_vaults_triangles, minmay_crypt_entry_vampire_xt,
          nicolae_vaults_theta, nicolae_vaults_disjoint_gnomons,
          vaults_room_hallway, v_misc_9, nicolae_vaults_little_squares_1,
          nicolae_vaults_little_ls, v_pattern_5,
          nicolae_vaults_yaktaur_gun_rack, vaults_room_semicircle,
          layout_vaults_omnibox
Vaults:4: hangedman_vaults_stagger, vaults_standard_mumra_enter_the_diamond,
          vaults_room_glass_cross, v_pattern_4, v_misc_27,
          hangedman_vaults_river_flow, ontoclasm_vaults_gateway,
          nicolae_vaults_sealed_display, vaults_dpeg_diagonal,
          layout_vaults_omnicross, serial_shops,
          nicolae_shop_overgrown_old_shop, nicolae_shop_crystal,
          nicolae_diamond_shop, nicolae_shop_trees
Vaults:5: serial_shops

Skill      XL: |  1  2  3  4  5  6  7  8  9 10 11 12 13 14 15 16 17 18 19 20 21 22 |
---------------+-------------------------------------------------------------------+-----
Axes           | 3 7 13 16 18 19 20 | 20.8
Throwing       | 2 4 5 6 7 8 |  8.0
Dodging        | 3 4 6 7 8 9 10 11 12 13 14 15 | 15.2
Armour         | 1 2 3 5 6 7 8 9 10 11 12 13 14 15 16 | 16.8
Fighting       | 3 4 5 6 8 10 11 12 13 14 15 16 17 | 17.6
Polearms       | 1 5 7 9 11 12 | 12.2
Shields        | 3 4 |  4.0
Spellcasting   | 1 3 4 6 7 8 |  8.8
Translocations | 3 5 6 |  6.0
Transmutations | 3 5 7 8 |  8.4
Earth Magic    | 3 4 |  4.0

Action                   |  1- 3 |  4- 6 |  7- 9 | 10-12 | 13-15 | 16-18 | 19-21 | 22-24 || total
-------------------------+-------+-------+-------+-------+-------+-------+-------+-------++-------
Melee: War axe           |    62 |    76 |       |       |       |       |       |       ||   138
       Trident           |       |    58 |   400 |       |       |       |       |       ||   458
       Kick              |       |       |    89 |   243 |   514 |   680 |   730 |   209 ||  2465
       Demon trident     |       |       |    44 |   760 |   617 |    23 |       |       ||  1444
       Battleaxe         |       |       |       |       |   594 |  1244 |  1374 |   356 ||  3568
       Broad axe         |       |       |       |       |       |    58 |       |       ||    58
Throw: Stone             |       |     3 |     3 |       |       |       |       |       ||     6
       Boomerang         |       |       |       |    34 |    59 |    82 |     1 |       ||   176
       Throwing net      |       |       |       |       |     1 |       |       |       ||     1
 Cast: Wereblood         |       |       |       |       |       |       |     3 |    13 ||    16
       Passwall          |       |       |       |       |       |       |     2 |       ||     2
Invok: Call Merchant     |       |       |       |       |     1 |       |     3 |     2 ||     6
Evoke: Wand              |       |       |       |     2 |       |       |       |       ||     2
  Use: Scroll            |       |       |     7 |     9 |     6 |     9 |     1 |     6 ||    38
       Potion            |       |       |       |       |     1 |     7 |     3 |    11 ||    22
 Stab: Distracted        |       |     2 |       |     5 |    13 |    17 |    17 |     4 ||    58
       Held in net/web   |       |       |       |       |     1 |       |       |       ||     1
       Confused          |       |       |       |       |       |     2 |       |       ||     2
       Paralysed         |       |       |       |       |       |       |     3 |       ||     3
Armor: Leather armour    |    28 |    66 |    29 |       |       |       |       |       ||   123
       Scale mail        |       |       |   193 |    83 |       |       |       |       ||   276
       Chain mail        |       |       |       |   214 |       |       |       |       ||   214
       Plate armour      |       |       |       |    48 |   673 |   754 |   692 |   308 ||  2475
Dodge: Dodged            |    36 |   114 |   381 |   530 |   899 |   925 |   908 |   266 ||  4059
Block: Buckler           |       |       |       |    91 |   109 |       |       |       ||   200
       Other             |       |       |       |       |       |       |    32 |    61 ||    93
       Reflection        |       |       |       |       |       |       |     1 |     1 ||     2

Table legend: (Time is in decaauts)
 A = Elapsed time spent in this place.
 B = Non-inter-level travel time spent in this place.
 C = Inter-level travel time spent in this place.
 D = Time resting spent in this place.
 E = Time spent auto-exploring this place.
 F = Levels seen in this place.
 G = Mean time per level.
                   A        B        C        D        E       F      G
               +--------+--------+--------+--------+--------+-----+--------+
         Total |  43632 |  39802 |   3830 |   1388 |  22204 |  45 |  969.6 |
       Dungeon |  14557 |  13143 |   1414 |    565 |   7799 |  15 |  970.5 |
          Lair |   7262 |   6188 |   1074 |    165 |   3339 |   6 | 1210.3 |
         Swamp |   3212 |   3033 |    179 |     58 |   1575 |   4 |  803.0 |
     Snake Pit |   4275 |   4171 |    104 |    124 |   2487 |   4 | 1068.8 |
    Slime Pits |   3092 |   2931 |    161 |    239 |   1255 |   5 |  618.4 |
  Orcish Mines |   2467 |   2247 |    220 |      0 |   1187 |   2 | 1233.5 |
   Elven Halls |   2026 |   1913 |    113 |      0 |   1187 |   2 | 1013.0 |
        Vaults |   6261 |   5699 |    562 |    237 |   3196 |   5 | 1252.2 |
         Abyss |    476 |    476 |      0 |      0 |    179 |   2 |  238.0 |
               +--------+--------+--------+--------+--------+-----+--------+

Top non-repeatable levels by time:
   Orc:2: 1835 daAuts
 Snake:4: 1592 daAuts
     D:9: 1561 daAuts
Vaults:2: 1554 daAuts
  Lair:6: 1538 daAuts
    D:11: 1497 daAuts
Vaults:3: 1465 daAuts
Vaults:1: 1416 daAuts
Vaults:4: 1413 daAuts
  Lair:2: 1313 daAuts
  Lair:3: 1274 daAuts
  Lair:5: 1171 daAuts
 Swamp:4: 1170 daAuts
    D:12: 1133 daAuts
   Elf:2: 1084 daAuts
